 Dungeon Crawl Stone Soup version 0.29.0-4-gdea44cf6ec (webtiles) character file.

Game seed: 119182860718640277

102792 qw the Peltast (level 15, -5/144 HPs)
             Began as a Minotaur Berserker on Sept 9, 2022.
             Was an Elder of Trog.
             Slain by a culicivora (13 damage)
             ... on level 1 of the Spider Nest.
             The game lasted 00:10:20 (30315 turns).

qw the Peltast (Minotaur Berserker)                Turns: 30315, Time: 00:10:21

Health: -5/144     AC: 32    Str: 28 (29) XL:     15   Next: 87%
Magic:  4/14       EV: 10    Int:  6      God:    Trog [****..]
Gold:   458        SH: 25    Dex: 13      Spells: 14/14 levels left

rFire   . . .      SeeInvis .   Y - +4 war axe (flame)
rCold   + . .      Faith    .   a - +0 tower shield
rNeg    . . .      Spirit   .   w - +1 plate armour {rC+}
rPois   +          Reflect  +   l - +2 hat
rElec   .          Harm     .   h - +2 cloak
rCorr   .          Rampage  .   n - +0 pair of gloves
Will    +....                   d - +2 pair of boots of Amorality {rPois Str-5 Int+4 Dex+2}
Stlth   ..........              r - amulet of reflection
HPRegen 0.34/turn               k - +6 ring of strength
MPRegen 0.14/turn               u - +4 ring of protection

@: lethally poisoned (-5 -> -18), on berserk cooldown, slowed, very slow
A: horns 2, retaliatory headbutt, hooves 1, dopey 1
a: Renounce Religion, Berserk, Trog's Hand, Brothers in Arms


You were on level 1 of the Spider Nest.
You worshipped Trog.
Trog was greatly pleased with you.
You visited 4 branches of the dungeon, and saw 23 of its levels.
You visited the Abyss 1 time.
You also visited: Ossuary.

You collected 2217 gold pieces.
You spent 1759 gold pieces at shops.


Innate Abilities, Weirdness & Mutations

You have a pair of horns on your head.
You reflexively headbutt those who attack you in melee.
You have large cloven feet.
You are dopey. (Int -2)


   Skills:
 - Level 16.1 Fighting
 - Level 16.8 Axes
 - Level 7.0 Throwing
 + Level 14.1 Armour
 - Level 8.0 Dodging
 - Level 18.9 Shields


You had 14 spell levels left.
You didn't know any spells.
Your spell library was empty.

Inventory:

Hand Weapons
 Y - a +4 war axe of flaming (weapon)
Missiles
 y - a javelin (quivered)
Armour
 a - a +0 tower shield (worn)
 d - the +2 pair of boots of Amorality (worn) {rPois Str-5 Int+4 Dex+2}
   (You acquired it on level 4 of the Lair of Beasts)

   Str:       It affects your strength (-5).
   Int:       It affects your intelligence (+4).
   Dex:       It affects your dexterity (+2).
   rPois:     It protects you from poison.
 h - a +2 cloak (worn)
 l - a +2 hat (worn)
 n - a +0 pair of gloves (worn)
 o - a +0 pair of boots
 v - a +1 plate armour of willpower
 w - a +1 plate armour of cold resistance (worn)
Jewellery
 i - the ring "Atezaow" {rPois MP+9 Dex+5}
   (You found it on level 15 of the Dungeon)

   [ring of magical power]

   Dex:       It affects your dexterity (+5).
   rPois:     It protects you from poison.
   MP:        It affects your magic capacity (+9).
 k - a +6 ring of strength (left hand)
 r - an amulet of reflection (around neck)
 u - a +4 ring of protection (right hand)
Scrolls
 p - 14 scrolls of identify
Potions
 f - 21 potions of curing
 g - 3 potions of haste
 j - 3 potions of mutation
 m - 3 potions of might
 q - 3 potions of resistance
 t - 3 potions of cancellation

Dungeon Overview and Level Annotations

Branches:
Dungeon (15/15)            Temple (0/1) D:7            Lair (5/5) D:10
 Shoals (0/4) Lair:2       Spider (1/4) Lair:3        Slime (0/5) Lair:5
    Orc (2/2) D:11            Elf (0/3) Orc:2        Vaults (0/5) D:13
 Depths (0/4) D:15        Ossuary (visited)

Altars:
Hepliaklqana
Makhleb
Nemelex Xobeh
Ru
Sif Muna
Vehumet
Wu Jian
Zin
The Shining One
Jiyva
Lugonu

Shops:
D:4 =   D:8 (*   D:9 *   D:10 *   D:12 *   Orc:2 :[!!

Portals:
Abyss: Lair:5


Message History

The wolf spider hits you but does no damage.
The wolf spider bites you. The culicivora bites you!
The culicivora draws strength from your injuries!
The redback bites you but does no damage.
30313 ||| DRINKING 3 potions of heal wounds.
You feel much better.
You feel extremely sick. You block the redback's attack.
The wolf spider hits you but does no damage.
The wolf spider bites you but does no damage.
You block the culicivora's attack. The redback barely misses you. x2
You furiously retaliate!
You headbutt the redback. The wolf spider hits you!
The wolf spider closely misses you. The culicivora barely misses you.
The orb spider simulacrum bites you but does no damage.
The redback barely misses you. The redback bites you.
The wolf spider hits you but does no damage.
You block the wolf spider's attack.
30314 ||| DRINKING 2 potions of heal wounds.
You feel much better.
You feel extremely sick. You block the culicivora's attack.
You block the redback's attack. The culicivora simulacrum bites you!
The culicivora simulacrum freezes you! You resist.
The redback closely misses you. You furiously retaliate!
You headbutt the redback!
The orb spider simulacrum bites you but does no damage.
You block the wolf spider's attack. x2
The redback bites you but does no damage.
You block the culicivora simulacrum's attack.
The wolf spider hits you but does no damage.
The wolf spider bites you.
30315 ||| DRINKING potion of heal wounds.
You feel much better.
You feel extremely sick. You block the redback's attack.
The redback bites you but does no damage.
The jumping spider pounces on you! You block the jumping spider's attack.
The redback bites you but does no damage.
The culicivora simulacrum bites you but does no damage.
You block the wolf spider's attack. x2; The culicivora bites you!
You die...

....#..^ ## .........##
#...s#...####
..#...ss.....#^ .....s.#
......# ##
...........#....## ..##
...##...#........##.....
.. .#..#......ss.......
...#.......Zs@s......
.... .##.....sZsZ....^
.## . #....#...#.......
.. .. .. ..... .#...#.
##.... .........#....##
#.... ...#............
#.... ##. .......#.#..
..... .. ...........
.#..........


You could see a wolf spider, a culicivora, a jumping spider, 3 redbacks, an orb
spider simulacrum and 2 culicivora simulacra.

Vanquished Creatures
  A bone dragon (Abyss:2)
  Rupert (D:12)
  A tentacled starspawn (Abyss:2)
  An orc warlord (Orc:2)
  A balrug (D:15)
  A spark wasp (Spider:1)
  An ettin (D:15)
  A yaktaur captain (D:13)
  Josephine (D:10)
  A rakshasa (Abyss:2)
  4 boulder beetles
  3 hydras
  A juggernaut simulacrum (Abyss:2)
  An ogre mage (D:15)
  2 catoblepae
  4 two-headed ogres
  5 centaur warriors
  6 thrashing horrors
  A sun demon (Abyss:2)
  5 orc high priests
  A wretched star (Abyss:2)
  A fire crab (Lair:5)
  Amaemon (Lair:1)
  A shadow wraith (Abyss:2)
  3 deep trolls (D:15)
  4 pharaoh ants (Spider:1)
  A glowing orange brain (Abyss:2)
  4 orc knights
  A wizard (D:15)
  A necromancer (D:15)
  A deep elf pyromancer (D:14)
  4 orc sorcerers (Orc:2)
  A wolf spider (Spider:1)
  3 cyclopes
  3 large abominations
  An ugly thing (Lair:5)
  A merfolk siren (Lair:2)
  A torpor snail (Lair:5)
  10 elephants
  4 black mambas
  11 cane toads
  A gargoyle (D:12)
  2 molten gargoyles (Lair:3)
  A smoke demon (Lair:5)
  An orange demon (Lair:1)
  An unseen horror (D:13)
  2 demonic crawlers (Spider:1)
  5 rime drakes
  8 komodo dragons
  A kobold demonologist (D:10)
  2 yaktaurs (D:13)
  3 tengu conjurers
  3 polar bears
  10 trolls
  5 ancient zymes
  7 meliai
  3 tarantellas (Spider:1)
  3 raiju (Abyss:2)
  A hornet (Lair:4)
  13 slime creatures
  8 blink frogs
  4 jumping spiders (Spider:1)
  2 ynoxinuls (Lair:5)
  A spriggan (D:7)
  6 culicivoras (Spider:1)
  8 wyverns
  A shadow (D:10)
  7 wraiths
  6 hogs (Lair:4)
  4 basilisks
  49 yaks
  6 redbacks (Spider:1)
  2 chaos spawn (Lair:5)
  A steam dragon (Lair:4)
  6 vampire mosquitoes
  15 small abominations
  4 wargs
  14 water moccasins
  2 acid dragons
  41 orc warriors
  A swamp drake (D:10)
  2 ice beasts
  2 sky beasts (D:7)
  11 ogres
  6 black bears
  14 wolves
  17 centaurs
  11 bullfrogs
  A kobold brigand (D:7)
  A water moccasin zombie (Ossuary)
  8 wights
  25 killer bees
  3 jellies
  4 lava snakes (Lair:3)
  An iron imp (Abyss:2)
  A hound (D:6)
  A gnoll bouda (D:5)
  30 orc priests
  4 iguanas
  20 orc wizards
  Ijyb (D:3)
  6 hell rats (Lair:1)
  2 mummies (Ossuary)
  5 gnolls (D:5)
  4 adders
  A white imp (Abyss:2)
  2 ufetubi (D:5)
  5 adder zombies (Ossuary)
  2 dart slugs
  98 orcs
  7 endoplasms
  A giant cockroach (D:3)
  4 gnoll zombies (Ossuary)
  7 goblins
  6 hobgoblins
  2 jackals (D:3)
  2 quokkas
  4 ball pythons
  5 bats
  3 frilled lizards (D:1)
  4 hobgoblin zombies (Ossuary)
  12 kobolds
  6 kobold zombies (Ossuary)
  4 orc zombies (Ossuary)
  8 rats
  A spectral goblin (D:6)
  2 starspawn tentacles (Abyss:2)
726 creatures vanquished.

Vanquished Creatures (collateral kills)
  A boulder beetle (D:13)
  An orb spider (Spider:1)
  An orc knight (Orc:2)
  2 elephants (Lair:2)
  2 blink frogs (Lair:5)
  A jumping spider (Spider:1)
  2 basilisks (Lair:5)
  A redback (Spider:1)
  A chaos spawn (Lair:5)
  A small abomination (Lair:5)
13 creatures vanquished.

Vanquished Creatures (others)
  Kirke (Lair:4)
  A redback (Spider:1)
  29 fungi
  23 plants
54 creatures vanquished.

Grand Total: 793 creatures vanquished

Notes
Turn   | Place    | Note
-------+----------+-------------------------------------------
     0 | D:1      | qw the Minotaur Berserker began the quest for the Orb.
     0 | D:1      | Reached XP level 1. HP: 19/19 MP: 0/0
     0 | D:1      | 0 ||| qw: Version: 0.1-a-113-g051387a
     0 | D:1      | 0 ||| qw: Game counter: 7034
     0 | D:1      | 0 ||| qw: Always use a shield: true
     0 | D:1      | 0 ||| qw: Do Orc after D:15 true
     0 | D:1      | 0 ||| qw: Do second Lair branch before Depths: true
     0 | D:1      | 0 ||| qw: Lair rune preference: random
     0 | D:1      | 0 ||| qw: Plans: Normal
     0 | D:1      | 0 ||| PLANNING D:1-11
   268 | D:1      | Reached XP level 2. HP: 16/26 MP: 1/1
   396 | D:1      | 396 ||| DROPPING +0 club.
   548 | D:1      | Found a faded altar of an unknown god.
   857 | D:1      | 857 ||| UPGRADING to +0 scale mail.
   867 | D:1      | 867 ||| DROPPING +0 animal skin.
   868 | D:1      | 868 ||| READING scroll labelled GOMOT HOEMAHO.
   896 | D:2      | 896 ||| STAIRDANCE
  1036 | D:2      | 1036 ||| DROPPING +0 whip.
  1143 | D:2      | Reached XP level 3. HP: 20/31 MP: 2/2
  1420 | D:2      | Identified the +4 ring mail of Gallantry {rN++ Stlth-}
  1467 | D:2      | 1467 ||| UPGRADING to +0 cloak.
  1472 | D:2      | 1472 ||| UPGRADING to +2 cloak.
  1482 | D:2      | 1482 ||| DROPPING +0 cloak.
  1483 | D:2      | 1483 ||| UPGRADING to +4 ring mail of Gallantry {rN++
                  | Stlth-}.
  1493 | D:2      | 1493 ||| DROPPING +0 scale mail.
  1494 | D:2      | 1494 ||| READING scroll labelled JIHUXY MERR.
  1631 | D:3      | Noticed a black bear
  1636 | D:3      | 1636 ||| INVOKING Berserk.
  1639 | D:3      | Killed a black bear
  1640 | D:3      | Reached skill level 6 in Axes
  1640 | D:3      | Reached XP level 4. HP: 39/39 MP: 3/3
  1821 | D:3      | 1821 ||| Stepping ~*~*~tactically~*~*~ (stealth).
  1832 | D:3      | Reached XP level 5. HP: 45/45 MP: 4/4
  1866 | D:3      | Noticed Ijyb
  1870 | D:3      | 1870 ||| INVOKING Berserk.
  1871 | D:3      | 1871 ||| INVOKING Berserk.
  1875 | D:3      | Killed Ijyb
  2009 | D:3      | 2009 ||| Stepping ~*~*~tactically~*~*~ (hiding).
  2016 | D:3      | 2016 ||| INVOKING Berserk.
  2072 | D:3      | 2072 ||| DROPPING +1 whip of freezing.
  2184 | D:3      | Reached ** piety under Trog
  2801 | D:3      | 2801 ||| READING 4 scrolls labelled ROZURU DOAN.
  2802 | D:3      | 2802 ||| READING scroll labelled QOIHUO WUEK.
  2803 | D:3      | 2803 ||| DRINKING 2 murky sapphire potions.
  2804 | D:3      | 2804 ||| DRINKING 2 fuming coppery potions.
  2804 | D:3      | Gained mutation: You have large cloven feet. [potion of
                  | mutation]
  2805 | D:3      | 2805 ||| DROPPING 3 scrolls of immolation.
  2806 | D:3      | 2806 ||| DROPPING potion of attraction.
  2861 | D:4      | Found Zumyfurch's Jewellery Boutique.
  2900 | D:4      | Found Zin's Purification Station.
  2900 | D:4      | Found a glowing silver altar of Zin.
  2902 | D:4      | 2902 ||| SHOPLISTING +6 ring of strength (396 gold, have
                  | 154).
  2902 | D:4      | 2902 ||| SHOPLISTING amulet of regeneration (330 gold, have
                  | 154).
  2902 | D:4      | 2902 ||| SHOPLISTING ring "Dyalisee" {rCorr Str+9} (504
                  | gold, have 154).
  2902 | D:4      | 2902 ||| SHOPLISTING ring "Faidawi" {Fly rC- rN+ Int+9
                  | Slay+3} (585 gold, have 154).
  2902 | D:4      | 2902 ||| SHOPLISTING ring of Goerybu {rPois Int+4 Dex+6}
                  | (528 gold, have 154).
  2909 | D:4      | 2909 ||| BUYING potion of curing (90 gold).
  2909 | D:4      | Bought a potion of curing for 90 gold pieces
  2922 | D:4      | Reached XP level 6. HP: 51/52 MP: 5/5
  3216 | D:4      | Found an ornate altar of the Wu Jian Council.
  3791 | D:4      | Found a glowing golden altar of the Shining One.
  3843 | D:4      | 3843 ||| UPGRADING to +0 chain mail.
  3853 | D:4      | 3853 ||| DROPPING +4 ring mail of Gallantry {rN++ Stlth-}.
  3854 | D:4      | 3854 ||| UPGRADING to +0 pair of gloves.
  3859 | D:4      | 3859 ||| READING scroll labelled XENONW XUSHRANN.
  3860 | D:4      | 3860 ||| READING scroll labelled QEUMESTAOMI.
  3861 | D:4      | 3861 ||| READING 2 scrolls labelled SORAIC WOKORUE.
  3862 | D:4      | 3862 ||| DRINKING 3 brown potions.
  3863 | D:4      | 3863 ||| DRINKING 2 murky orange potions.
  3882 | D:5      | Entered Level 5 of the Dungeon
  3893 | D:5      | Noticed an ice beast
  3898 | D:5      | 3898 ||| INVOKING Berserk.
  3901 | D:5      | Killed an ice beast
  3902 | D:5      | Reached skill level 3 in Armour
  4044 | D:5      | 4044 ||| Stepping ~*~*~tactically~*~*~ (hiding).
  4046 | D:5      | 4046 ||| INVOKING Berserk.
  4183 | D:5      | 4183 ||| Stepping ~*~*~tactically~*~*~ (hiding).
  4184 | D:5      | 4184 ||| Stepping ~*~*~tactically~*~*~ (hiding).
  4188 | D:5      | 4188 ||| INVOKING Berserk.
  4195 | D:5      | Reached XP level 7. HP: 59/59 MP: 6/6
  4205 | D:5      | Reached skill level 9 in Axes
  4217 | D:5      | 4217 ||| Stepping ~*~*~tactically~*~*~ (stealth).
  4317 | D:5      | 4317 ||| Stepping ~*~*~tactically~*~*~ (hiding).
  4318 | D:5      | 4318 ||| Stepping ~*~*~tactically~*~*~ (hiding).
  4692 | D:5      | 4692 ||| INVOKING Berserk.
  5007 | D:5      | 5007 ||| UPGRADING to +0 chain mail of poison resistance.
  5017 | D:5      | 5017 ||| DROPPING +0 chain mail.
  5018 | D:5      | 5018 ||| READING 2 scrolls of identify.
  5018 | D:5      | 5018 ||| IDENTIFYING murky blue potion
  5019 | D:5      | 5019 ||| DRINKING potion of experience.
  5019 | D:5      | Reached XP level 8. HP: 69/69 MP: 7/7
  5034 | D:6      | 5034 ||| INVOKING Berserk.
  5164 | D:6      | Identified the +4 buckler "Unilim" {Contam Str+4 Int+3
                  | Dex+3}
  5508 | D:6      | 5508 ||| INVOKING Berserk.
  5513 | D:6      | Reached skill level 6 in Fighting
  5748 | D:6      | Found a hazy altar of Hepliaklqana.
  5814 | D:6      | 5814 ||| UPGRADING to +0 buckler.
  5819 | D:6      | 5819 ||| UPGRADING to +4 buckler "Unilim" {Contam Str+4
                  | Int+3 Dex+3}.
  5829 | D:6      | 5829 ||| DROPPING +0 buckler.
  5830 | D:6      | 5830 ||| DRINKING 2 metallic dark potions.
  5831 | D:6      | 5831 ||| READING 2 scrolls of identify.
  5831 | D:6      | 5831 ||| IDENTIFYING ruby potion
  5832 | D:6      | 5832 ||| DROPPING potion of berserk rage.
  5833 | D:6      | 5833 ||| DROPPING potion of degeneration.
  5843 | D:7      | 5843 ||| PLANNING OSSUARY
  5873 | D:7      | Reached skill level 1 in Shields
  5925 | D:7      | Reached skill level 2 in Shields
  5948 | D:7      | 5948 ||| Stepping ~*~*~tactically~*~*~ (stealth).
  5972 | D:7      | 5972 ||| FLEEEEING.
  6033 | D:7      | Reached skill level 3 in Shields
  6033 | D:7      | Reached XP level 9. HP: 75/75 MP: 8/8
  6043 | D:7      | 6043 ||| Stepping ~*~*~tactically~*~*~ (stealth).
  6045 | D:7      | Found a sand-covered staircase.
  6049 | Ossuary  | Entered an ossuary
  6168 | Ossuary  | Reached *** piety under Trog
  6214 | Ossuary  | 6214 ||| READING scroll labelled OMOETAYHICS.
  6215 | Ossuary  | 6215 ||| DRINKING 2 grey potions.
  6316 | Ossuary  | 6316 ||| DRINKING 2 bubbling inky potions.
  6342 | Ossuary  | 6342 ||| READING 6 scrolls of identify.
  6342 | Ossuary  | 6342 ||| IDENTIFYING orange potion
  6343 | Ossuary  | 6343 ||| READING 5 scrolls of identify.
  6343 | Ossuary  | 6343 ||| IDENTIFYING murky puce potion
  6344 | Ossuary  | 6344 ||| READING 4 scrolls of identify.
  6344 | Ossuary  | 6344 ||| IDENTIFYING amethyst potion
  6345 | Ossuary  | 6345 ||| DROPPING potion of brilliance.
  6346 | Ossuary  | 6346 ||| DROPPING potion of invisibility.
  6347 | Ossuary  | 6347 ||| DROPPING potion of ambrosia.
  6348 | Ossuary  | 6348 ||| DROPPING potion of lignification.
  6354 | D:7      | 6354 ||| PLANNING D:1-11
  6418 | D:7      | Reached skill level 4 in Shields
  6528 | D:7      | Found a sacrificial altar of Ru.
  6528 | D:7      | Found a sparkling altar of Nemelex Xobeh.
  6708 | D:7      | 6708 ||| INVOKING Berserk.
  6842 | D:7      | 6842 ||| SWAPPING to +3 hand axe.
  6843 | D:7      | 6843 ||| DROPPING +0 hand axe.
  6986 | D:7      | 6986 ||| INVOKING Berserk.
  7125 | D:7      | 7125 ||| Stepping ~*~*~tactically~*~*~ (stealth).
  7127 | D:7      | 7127 ||| Stepping ~*~*~tactically~*~*~ (hiding).
  7128 | D:7      | 7128 ||| Stepping ~*~*~tactically~*~*~ (hiding).
  7171 | D:7      | 7171 ||| Stepping ~*~*~tactically~*~*~ (hiding).
  7174 | D:7      | 7174 ||| Stepping ~*~*~tactically~*~*~ (hiding).
  7323 | D:7      | Found a staircase to the Ecumenical Temple.
  7324 | D:7      | 7324 ||| FLEEEEING.
  7540 | D:7      | 7540 ||| DROPPING +0 hat of intelligence.
  7541 | D:7      | 7541 ||| UPGRADING to +2 hat.
  7546 | D:7      | 7546 ||| READING scroll labelled VICIOPSAFID.
  7547 | D:7      | 7547 ||| READING 3 scrolls of identify.
  7547 | D:7      | 7547 ||| IDENTIFYING red potion
  7548 | D:7      | 7548 ||| DROPPING potion of flight.
  7598 | D:8      | Reached skill level 3 in Dodging
  7742 | D:8      | Found Xomah's Assorted Antiques.
  7745 | D:8      | 7745 ||| BUYING fizzy pink potion (27 gold).
  7745 | D:8      | Bought a fizzy pink potion for 27 gold pieces
  7745 | D:8      | 7745 ||| BUYING potion of mutation (240 gold).
  7745 | D:8      | Bought a potion of mutation for 240 gold pieces
  8057 | D:8      | Found Viuv's Antique Weapon Shoppe.
  8089 | D:8      | 8089 ||| READING 3 scrolls of identify.
  8089 | D:8      | 8089 ||| IDENTIFYING fizzy pink potion
  8187 | D:9      | 8187 ||| Stepping ~*~*~tactically~*~*~ (hiding).
  8189 | D:9      | 8189 ||| Stepping ~*~*~tactically~*~*~ (hiding).
  8200 | D:9      | 8200 ||| Stepping ~*~*~tactically~*~*~ (stealth).
  8201 | D:9      | 8201 ||| Stepping ~*~*~tactically~*~*~ (stealth).
  8209 | D:9      | 8209 ||| Stepping ~*~*~tactically~*~*~ (stealth).
  8228 | D:9      | 8228 ||| INVOKING Berserk.
  8364 | D:9      | Reached skill level 1 in Throwing
  8404 | D:9      | Found a shimmering blue altar of Sif Muna.
  8532 | D:9      | Found Ufoas's Fire Supplies.
  8543 | D:9      | 8543 ||| SHOPLISTING +0 fire dragon scales (780 gold, have
                  | 153).
  8543 | D:9      | 8543 ||| SHOPLISTING +1 fire dragon scales of the Gloaming
                  | {rF++ rC- Will++ Int-5 Dex+3} (1063 gold, have 153).
  8543 | D:9      | 8543 ||| SHOPLISTING +2 chain mail of fire resistance (279
                  | gold, have 153).
  8543 | D:9      | 8543 ||| SHOPLISTING +2 scale mail of fire resistance (273
                  | gold, have 153).
  8603 | D:9      | Noticed a troll
  8607 | D:9      | 8607 ||| INVOKING Berserk.
  8610 | D:9      | Killed a troll
  8611 | D:9      | Reached skill level 5 in Shields
  8611 | D:9      | Reached XP level 10. HP: 88/88 MP: 9/9
  8664 | D:9      | 8664 ||| FLEEEEING.
  8665 | D:9      | 8665 ||| FLEEEEING.
  8666 | D:9      | 8666 ||| FLEEEEING.
  8678 | D:9      | 8678 ||| DRINKING 10 potions of curing.
  8678 | D:9      | 8678 ||| (to cure confusion)
  8774 | D:9      | Noticed a two-headed ogre
  8779 | D:9      | 8779 ||| INVOKING Berserk.
  8782 | D:9      | Killed a two-headed ogre
  8783 | D:9      | Reached skill level 6 in Armour
  9118 | D:9      | 9118 ||| Stepping ~*~*~tactically~*~*~ (hiding).
  9169 | D:9      | 9169 ||| READING 2 scrolls labelled YCHUDU VUHAONK.
  9170 | D:9      | 9170 ||| READING scroll labelled ADOOLU CURCHUC.
  9171 | D:9      | 9171 ||| READING scroll labelled VIRUG WIWKYNU.
  9172 | D:9      | 9172 ||| DROPPING scroll of fear.
  9191 | D:10     | Entered Level 10 of the Dungeon
  9204 | D:10     | 9204 ||| INVOKING Berserk.
  9403 | D:10     | 9403 ||| Stepping ~*~*~tactically~*~*~ (hiding).
  9406 | D:10     | 9406 ||| INVOKING Berserk.
  9411 | D:10     | Reached skill level 9 in Fighting
  9421 | D:10     | 9421 ||| Stepping ~*~*~tactically~*~*~ (hiding).
  9439 | D:10     | 9439 ||| Stepping ~*~*~tactically~*~*~ (stealth).
  9518 | D:10     | 9518 ||| FLEEEEING.
  9603 | D:10     | 9603 ||| INVOKING Berserk.
  9772 | D:10     | 9772 ||| Stepping ~*~*~tactically~*~*~ (stealth).
  9773 | D:10     | 9773 ||| Stepping ~*~*~tactically~*~*~ (stealth).
  9781 | D:10     | Reached **** piety under Trog
  9783 | D:10     | 9783 ||| Stepping ~*~*~tactically~*~*~ (stealth).
  9787 | D:10     | 9787 ||| Stepping ~*~*~tactically~*~*~ (hiding).
  9791 | D:10     | 9791 ||| DRINKING 10 potions of curing.
  9791 | D:10     | 9791 ||| (to cure confusion)
  9920 | D:10     | Reached skill level 6 in Shields
  9931 | D:10     | Noticed Josephine
  9935 | D:10     | Killed Josephine
  9992 | D:10     | Reached XP level 11. HP: 96/97 MP: 10/10
 10048 | D:10     | 10048 ||| Stepping ~*~*~tactically~*~*~ (stealth).
 10144 | D:10     | Found Jurghoti's Assorted Antiques.
 10323 | D:10     | 10323 ||| Stepping ~*~*~tactically~*~*~ (stealth).
 10757 | D:10     | Found a staircase to the Lair.
 10810 | D:10     | 10810 ||| UPGRADING to +0 pair of boots.
 10815 | D:10     | 10815 ||| READING 2 scrolls of identify.
 10815 | D:10     | 10815 ||| IDENTIFYING puce potion
 10950 | D:11     | 10950 ||| Stepping ~*~*~tactically~*~*~ (hiding).
 10960 | D:11     | 10960 ||| DRINKING potion of cancellation.
 11023 | D:11     | 11023 ||| Stepping ~*~*~tactically~*~*~ (hiding).
 11365 | D:11     | Found a staircase to the Orcish Mines.
 11489 | D:11     | 11489 ||| UPGRADING to amulet of reflection.
 11494 | D:11     | 11494 ||| READING 2 scrolls labelled TESEUT ZUDYM.
 11495 | D:11     | 11495 ||| DROPPING scroll of magic mapping.
 11629 | D:10     | 11629 ||| SHOPLISTING glowing fire dragon scales (1134
                  | gold, have 340).
 11629 | D:10     | 11629 ||| BUYING potion of heal wounds (90 gold).
 11629 | D:10     | Bought a potion of heal wounds for 90 gold pieces
 11629 | D:10     | 11629 ||| BUYING potion of resistance (180 gold).
 11629 | D:10     | Bought a potion of resistance for 180 gold pieces
 11629 | D:10     | 11629 ||| BUYING scroll labelled XODULI YGHEAH (18 gold).
 11629 | D:10     | Bought a scroll labelled XODULI YGHEAH for 18 gold pieces
 11629 | D:10     | 11629 ||| BUYING scroll of identify (36 gold).
 11629 | D:10     | Bought a scroll of identify for 36 gold pieces
 11629 | D:10     | 11629 ||| SHOPLISTING scroll of identify (36 gold, have
                  | 16).
 11629 | D:10     | 11629 ||| PLANNING LAIR
 11629 | D:10     | 11629 ||| READING scroll labelled XODULI YGHEAH.
 11721 | Lair:1   | Entered Level 1 of the Lair of Beasts
 11722 | Lair:1   | 11722 ||| PLANNING GAUNTLET
 11736 | Lair:1   | 11736 ||| INVOKING Berserk.
 11740 | Lair:1   | Reached skill level 7 in Shields
 11798 | Lair:1   | 11798 ||| INVOKING Berserk.
 11931 | Lair:1   | Found a radiant altar of Vehumet.
 12023 | Lair:1   | Noticed Amaemon
 12034 | Lair:1   | 12034 ||| INVOKING Berserk.
 12041 | Lair:1   | Killed Amaemon
 12133 | Lair:1   | 12133 ||| DROPPING +0 morningstar.
 12213 | Lair:1   | 12213 ||| INVOKING Berserk.
 12213 | Lair:1   | 12213 ||| RIP GAUNTLET
 12214 | Lair:1   | 12214 ||| PLANNING LAIR
 12470 | Lair:1   | 12470 ||| Stepping ~*~*~tactically~*~*~ (stealth).
 12491 | Lair:1   | 12491 ||| Stepping ~*~*~tactically~*~*~ (stealth).
 12495 | Lair:1   | Reached skill level 9 in Armour
 12810 | Lair:1   | 12810 ||| INVOKING Berserk.
 13143 | Lair:1   | 13143 ||| UPGRADING to +0 tower shield.
 13151 | Lair:1   | Gained mutation: You are dopey. (Int -2) [mutagenic glow]
 13153 | Lair:1   | 13153 ||| DROPPING +4 buckler "Unilim" {Contam Str+4 Int+3
                  | Dex+3}.
 13174 | Lair:2   | 13174 ||| STAIRDANCE
 13182 | Lair:2   | 13182 ||| STAIRDANCE
 13323 | Lair:2   | 13323 ||| STAIRDANCE
 13350 | Lair:2   | 13350 ||| STAIRDANCE
 13358 | Lair:1   | Reached skill level 8 in Shields
 13450 | Lair:2   | 13450 ||| STAIRDANCE
 13458 | Lair:1   | Reached XP level 12. HP: 79/112 MP: 11/11
 13584 | Lair:2   | Reached skill level 9 in Shields
 13584 | Lair:2   | 13584 ||| STAIRDANCE
 13654 | Lair:2   | 13654 ||| INVOKING Berserk.
 13866 | Lair:2   | 13866 ||| Stepping ~*~*~tactically~*~*~ (hiding).
 13992 | Lair:2   | Reached skill level 10 in Shields
 14005 | Lair:2   | 14005 ||| INVOKING Berserk.
 14434 | Lair:2   | 14434 ||| INVOKING Berserk.
 14774 | Lair:2   | Found a staircase to the Shoals.
 14785 | Lair:2   | 14785 ||| Stepping ~*~*~tactically~*~*~ (hiding).
 14797 | Lair:2   | Reached skill level 11 in Shields
 14952 | Lair:2   | Noticed a seven-headed hydra
 14953 | Lair:2   | 14953 ||| INVOKING Brothers in Arms.
 14954 | Lair:2   | 14954 ||| SWAPPING to +1 demon whip of venom.
 14955 | Lair:2   | 14955 ||| INVOKING Berserk.
 14956 | Lair:2   | Killed a seven-headed hydra
 14968 | Lair:2   | 14968 ||| SWAPPING to +4 hand axe of venom.
 14970 | Lair:2   | Reached skill level 12 in Shields
 15065 | Lair:2   | Noticed a catoblepas
 15067 | Lair:2   | 15067 ||| Stepping ~*~*~tactically~*~*~ (cloud).
 15069 | Lair:2   | 15069 ||| INVOKING Berserk.
 15074 | Lair:2   | Killed a catoblepas
 15582 | Lair:2   | 15582 ||| DROPPING amulet of magic regeneration.
 15583 | Lair:2   | 15583 ||| UPGRADING to +6 ring of strength.
 15660 | Lair:3   | 15660 ||| INVOKING Berserk.
 15977 | Lair:3   | 15977 ||| INVOKING Berserk.
 16110 | Lair:3   | Found a burning altar of Makhleb.
 16125 | Lair:3   | Reached skill level 13 in Shields
 16394 | Lair:3   | 16394 ||| INVOKING Berserk.
 16577 | Lair:3   | 16577 ||| INVOKING Berserk.
 16715 | Lair:3   | 16715 ||| SWAPPING to +1 war axe of flaming.
 16716 | Lair:3   | 16716 ||| DROPPING +1 demon whip of venom.
 16717 | Lair:3   | 16717 ||| Stepping ~*~*~tactically~*~*~ (stealth).
 16718 | Lair:3   | 16718 ||| Stepping ~*~*~tactically~*~*~ (stealth).
 16719 | Lair:3   | 16719 ||| DROPPING +4 hand axe of venom.
 16730 | Lair:3   | Found a hole to the Spider Nest.
 16764 | Lair:3   | Reached skill level 14 in Shields
 16771 | Lair:3   | Identified the +3 leather armour of Peek-a-Boo {-Cast
                  | +Blink rElec rC+}
 16845 | Lair:3   | Identified the +4 sling of Niosch {vorpal, rF+ rC- MP+9}
 17074 | Lair:3   | Reached ***** piety under Trog
 17399 | Lair:4   | 17399 ||| INVOKING Berserk.
 17545 | Lair:4   | Noticed a catoblepas
 17546 | Lair:4   | 17546 ||| Stepping ~*~*~tactically~*~*~ (cloud).
 17549 | Lair:4   | 17549 ||| INVOKING Berserk.
 17557 | Lair:4   | Killed a catoblepas
 17558 | Lair:4   | Reached XP level 13. HP: 117/117 MP: 12/12
 17692 | Lair:4   | Noticed Kirke
 17693 | Lair:4   | 17693 ||| INVOKING Trog's Hand.
 17701 | Lair:4   | 17701 ||| INVOKING Berserk.
 17703 | Lair:4   | Reached skill level 15 in Shields
 17707 | Lair:4   | Killed Kirke
 17786 | Lair:4   | 17786 ||| DRINKING 2 potions of cancellation.
 17787 | Lair:4   | 17787 ||| DRINKING potion of cancellation.
 18061 | Lair:4   | 18061 ||| Stepping ~*~*~tactically~*~*~ (cloud).
 18064 | Lair:4   | 18064 ||| INVOKING Berserk.
 18420 | Lair:4   | 18420 ||| INVOKING Berserk.
 18648 | Lair:4   | 18648 ||| INVOKING Berserk.
 18805 | Lair:4   | 18805 ||| READING scroll labelled ZATHRA MUCVUGHEPUHU.
 18805 | Lair:4   | Identified a scroll of acquirement
 18805 | Lair:4   | 18805 ||| ACQUIRING +2 pair of boots of Amorality {rPois
                  | Str-5 Int+4 Dex+2}
 18805 | Lair:4   | Acquired the +2 pair of boots of Amorality {rPois Str-5
                  | Int+4 Dex+2}
 18807 | Lair:4   | 18807 ||| UPGRADING to +2 pair of boots of Amorality {rPois
                  | Str-5 Int+4 Dex+2}.
 18817 | Lair:4   | 18817 ||| UPGRADING to +0 plate armour.
 18830 | Lair:5   | Entered Level 5 of the Lair of Beasts
 18831 | Lair:5   | 18831 ||| INVOKING Berserk.
 18867 | Lair:5   | Reached skill level 16 in Shields
 19083 | Lair:5   | Reached skill level 12 in Fighting
 19143 | Lair:5   | 19143 ||| Stepping ~*~*~tactically~*~*~ (stealth).
 19144 | Lair:5   | 19144 ||| Stepping ~*~*~tactically~*~*~ (stealth).
 19145 | Lair:5   | 19145 ||| Stepping ~*~*~tactically~*~*~ (stealth).
 19146 | Lair:5   | 19146 ||| Stepping ~*~*~tactically~*~*~ (stealth).
 19148 | Lair:5   | 19148 ||| Stepping ~*~*~tactically~*~*~ (stealth).
 19249 | Lair:5   | Found a sacrificial altar of Ru.
 19316 | Lair:5   | Found a viscous altar of Jiyva.
 19362 | Lair:5   | 19362 ||| INVOKING Berserk.
 19479 | Lair:5   | Reached skill level 3 in Throwing
 19481 | Lair:5   | 19481 ||| Stepping ~*~*~tactically~*~*~ (hiding).
 19634 | Lair:5   | 19634 ||| Stepping ~*~*~tactically~*~*~ (stealth).
 19642 | Lair:5   | 19642 ||| INVOKING Berserk.
 19717 | Lair:5   | Found a staircase to the Slime Pits.
 19774 | Lair:5   | 19774 ||| INVOKING Berserk.
 19782 | Lair:5   | 19782 ||| INVOKING Brothers in Arms.
 19923 | Lair:5   | 19923 ||| Stepping ~*~*~tactically~*~*~ (hiding).
 19925 | Lair:5   | 19925 ||| INVOKING Berserk.
 19984 | Lair:5   | 19984 ||| FLEEEEING.
 19985 | Lair:5   | 19985 ||| FLEEEEING.
 20085 | Lair:5   | 20085 ||| Stepping ~*~*~tactically~*~*~ (stealth).
 20108 | Lair:5   | 20108 ||| Stepping ~*~*~tactically~*~*~ (stealth).
 20110 | Lair:5   | 20110 ||| Stepping ~*~*~tactically~*~*~ (stealth).
 20128 | Lair:5   | 20128 ||| Stepping ~*~*~tactically~*~*~ (stealth).
 20138 | Lair:5   | 20138 ||| Stepping ~*~*~tactically~*~*~ (hiding).
 20158 | Lair:5   | 20158 ||| Stepping ~*~*~tactically~*~*~ (stealth).
 20210 | Lair:5   | Reached skill level 17 in Shields
 20274 | Lair:5   | 20274 ||| Stepping ~*~*~tactically~*~*~ (stealth).
 20346 | Lair:5   | Reached XP level 14. HP: 95/126 MP: 13/13
 20363 | Lair:5   | 20363 ||| FLEEEEING.
 20364 | Lair:5   | 20364 ||| FLEEEEING.
 20370 | Lair:5   | 20370 ||| FLEEEEING.
 20371 | Lair:5   | 20371 ||| FLEEEEING.
 20373 | Lair:5   | 20373 ||| FLEEEEING.
 20374 | Lair:5   | 20374 ||| FLEEEEING.
 20375 | Lair:5   | 20375 ||| FLEEEEING.
 20376 | Lair:5   | 20376 ||| FLEEEEING.
 20377 | Lair:5   | 20377 ||| FLEEEEING.
 20378 | Lair:5   | 20378 ||| FLEEEEING.
 20380 | Lair:5   | 20380 ||| FLEEEEING.
 20381 | Lair:5   | 20381 ||| FLEEEEING.
 20382 | Lair:5   | 20382 ||| FLEEEEING.
 20383 | Lair:5   | 20383 ||| FLEEEEING.
 20384 | Lair:5   | 20384 ||| FLEEEEING.
 20385 | Lair:5   | 20385 ||| FLEEEEING.
 20386 | Lair:5   | 20386 ||| FLEEEEING.
 20387 | Lair:5   | 20387 ||| FLEEEEING.
 20388 | Lair:5   | 20388 ||| FLEEEEING.
 20389 | Lair:5   | 20389 ||| FLEEEEING.
 20390 | Lair:5   | 20390 ||| FLEEEEING.
 20391 | Lair:5   | 20391 ||| FLEEEEING.
 20392 | Lair:5   | 20392 ||| FLEEEEING.
 20393 | Lair:5   | 20393 ||| FLEEEEING.
 20394 | Lair:5   | 20394 ||| FLEEEEING.
 20395 | Lair:5   | 20395 ||| FLEEEEING.
 20396 | Lair:5   | 20396 ||| FLEEEEING.
 20397 | Lair:5   | 20397 ||| FLEEEEING.
 20398 | Lair:5   | 20398 ||| FLEEEEING.
 20399 | Lair:5   | 20399 ||| FLEEEEING.
 20400 | Lair:5   | 20400 ||| FLEEEEING.
 20401 | Lair:5   | 20401 ||| FLEEEEING.
 20402 | Lair:5   | 20402 ||| FLEEEEING.
 20406 | Lair:5   | 20406 ||| FLEEEEING.
 20408 | Lair:5   | 20408 ||| FLEEEEING.
 20409 | Lair:5   | 20409 ||| FLEEEEING.
 20410 | Lair:5   | 20410 ||| FLEEEEING.
 20411 | Lair:5   | 20411 ||| FLEEEEING.
 20412 | Lair:5   | 20412 ||| FLEEEEING.
 20413 | Lair:5   | 20413 ||| FLEEEEING.
 20414 | Lair:5   | 20414 ||| FLEEEEING.
 21065 | Lair:5   | Reached skill level 12 in Armour
 21179 | Lair:5   | Found a corrupted altar of Lugonu.
 21179 | Lair:5   | Found a one-way gate to the infinite horrors of the Abyss.
 21306 | Lair:5   | 21306 ||| PLANNING D
 21531 | D:12     | 21531 ||| STAIRDANCE
 21574 | D:12     | 21574 ||| Stepping randomly (disturbance).
 21576 | D:12     | 21576 ||| Stepping ~*~*~tactically~*~*~ (stealth).
 21589 | D:12     | Found Riun's Assorted Antiques.
 21600 | D:12     | 21600 ||| BUYING glowing zirconium amulet (105 gold).
 21600 | D:12     | Bought a glowing zirconium amulet for 105 gold pieces
 21600 | D:12     | 21600 ||| BUYING scroll of enchant weapon (157 gold).
 21600 | D:12     | Bought a scroll of enchant weapon for 157 gold pieces
 21600 | D:12     | 21600 ||| BUYING scroll of identify (42 gold).
 21600 | D:12     | Bought a scroll of identify for 42 gold pieces
 21600 | D:12     | 21600 ||| READING scroll of enchant weapon.
 21600 | D:12     | 21600 ||| ENCHANTING +1 war axe of flaming.
 21757 | D:12     | Noticed Rupert
 21758 | D:12     | 21758 ||| INVOKING Trog's Hand.
 21761 | D:12     | 21761 ||| INVOKING Berserk.
 21768 | D:12     | Killed Rupert
 22265 | D:12     | 22265 ||| DROPPING amulet of regeneration.
 22307 | D:13     | 22307 ||| Stepping ~*~*~tactically~*~*~ (stealth).
 22313 | D:13     | 22313 ||| Stepping ~*~*~tactically~*~*~ (hiding).
 22315 | D:13     | 22315 ||| INVOKING Berserk.
 22333 | D:13     | 22333 ||| Stepping ~*~*~tactically~*~*~ (stealth).
 22340 | D:13     | Reached skill level 6 in Dodging
 22436 | D:13     | 22436 ||| Stepping ~*~*~tactically~*~*~ (hiding).
 22438 | D:13     | 22438 ||| INVOKING Berserk.
 22471 | D:13     | 22471 ||| Stepping ~*~*~tactically~*~*~ (stealth).
 22553 | D:13     | 22553 ||| Stepping ~*~*~tactically~*~*~ (stealth).
 22556 | D:13     | 22556 ||| Stepping ~*~*~tactically~*~*~ (stealth).
 22558 | D:13     | 22558 ||| Stepping ~*~*~tactically~*~*~ (hiding).
 22560 | D:13     | 22560 ||| INVOKING Berserk.
 22742 | D:13     | 22742 ||| INVOKING Brothers in Arms.
 22745 | D:13     | 22745 ||| INVOKING Berserk.
 23094 | D:13     | 23094 ||| Stepping ~*~*~tactically~*~*~ (hiding).
 23096 | D:13     | 23096 ||| Stepping ~*~*~tactically~*~*~ (hiding).
 23098 | D:13     | 23098 ||| Stepping ~*~*~tactically~*~*~ (stealth).
 23099 | D:13     | 23099 ||| Stepping ~*~*~tactically~*~*~ (stealth).
 23100 | D:13     | 23100 ||| Stepping ~*~*~tactically~*~*~ (stealth).
 23101 | D:13     | 23101 ||| Stepping ~*~*~tactically~*~*~ (stealth).
 23101 | D:13     | Found a gate to the Vaults.
 23546 | D:14     | 23546 ||| Stepping ~*~*~tactically~*~*~ (stealth).
 23583 | D:14     | 23583 ||| Stepping ~*~*~tactically~*~*~ (hiding).
 23593 | D:14     | Reached skill level 6 in Throwing
 23675 | D:14     | 23675 ||| INVOKING Berserk.
 23884 | D:14     | 23884 ||| INVOKING Berserk.
 24036 | D:14     | 24036 ||| INVOKING Berserk.
 24265 | D:14     | 24265 ||| Stepping ~*~*~tactically~*~*~ (hiding).
 24402 | D:14     | 24402 ||| Stepping ~*~*~tactically~*~*~ (hiding).
 24514 | D:14     | 24514 ||| INVOKING Berserk.
 24751 | D:14     | 24751 ||| UPGRADING to +4 ring of protection.
 24766 | D:15     | Entered Level 15 of the Dungeon
 24783 | D:15     | 24783 ||| INVOKING Berserk.
 24790 | Abyss:2  | Found a corrupted altar of Lugonu.
 24790 | Abyss:2  | Cast into level 2 of the Abyss (a wizard)
 24976 | Abyss:2  | Noticed a bone dragon
 24977 | Abyss:2  | 24977 ||| Stepping ~*~*~tactically~*~*~ (stealth).
 24983 | Abyss:2  | 24983 ||| Stepping ~*~*~tactically~*~*~ (stealth).
 24987 | Abyss:2  | 24987 ||| Stepping ~*~*~tactically~*~*~ (stealth).
 24991 | Abyss:2  | 24991 ||| INVOKING Berserk.
 24998 | Abyss:2  | Killed a bone dragon
 25003 | Abyss:2  | 25003 ||| INVOKING Trog's Hand.
 25009 | Abyss:2  | 25009 ||| Stepping ~*~*~tactically~*~*~ (stealth).
 25012 | Abyss:2  | 25012 ||| Stepping ~*~*~tactically~*~*~ (stealth).
 25036 | Abyss:2  | 25036 ||| INVOKING Trog's Hand.
 25047 | Abyss:2  | Noticed a balrug
 25058 | Abyss:2  | 25058 ||| INVOKING Trog's Hand.
 25059 | Abyss:2  | 25059 ||| Stepping ~*~*~tactically~*~*~ (stealth).
 25062 | Abyss:2  | 25062 ||| Stepping ~*~*~tactically~*~*~ (stealth).
 25063 | Abyss:2  | 25063 ||| Stepping ~*~*~tactically~*~*~ (stealth).
 25081 | Abyss:2  | 25081 ||| Stepping ~*~*~tactically~*~*~ (stealth).
 25081 | Abyss:2  | Noticed a tentacled starspawn
 25082 | Abyss:2  | 25082 ||| Stepping ~*~*~tactically~*~*~ (hiding).
 25084 | Abyss:2  | 25084 ||| Stepping ~*~*~tactically~*~*~ (hiding).
 25089 | Abyss:2  | Killed a tentacled starspawn
 25090 | Abyss:2  | Reached skill level 18 in Shields
 25099 | Abyss:2  | 25099 ||| Stepping ~*~*~tactically~*~*~ (stealth).
 25113 | Abyss:2  | 25113 ||| INVOKING Trog's Hand.
 25131 | Abyss:2  | 25131 ||| Stepping ~*~*~tactically~*~*~ (stealth).
 25135 | Abyss:2  | 25135 ||| Stepping ~*~*~tactically~*~*~ (stealth).
 25136 | Abyss:2  | 25136 ||| Stepping ~*~*~tactically~*~*~ (stealth).
 25137 | Abyss:2  | 25137 ||| Stepping ~*~*~tactically~*~*~ (hiding).
 25138 | Abyss:2  | 25138 ||| INVOKING Berserk.
 25147 | D:15     | Escaped the Abyss
 25157 | D:15     | Killed a balrug
 25158 | D:15     | Reached XP level 15. HP: 116/138 MP: 14/14
 25291 | D:15     | 25291 ||| INVOKING Berserk.
 25468 | D:15     | 25468 ||| INVOKING Trog's Hand.
 25470 | D:15     | 25470 ||| INVOKING Berserk.
 25491 | D:15     | Reached skill level 15 in Fighting
 25980 | D:15     | Found a staircase to the Depths.
 26022 | D:15     | Identified the ring "Atezaow" {rPois MP+9 Dex+5}
 26152 | D:15     | 26152 ||| READING scroll of enchant weapon.
 26152 | D:15     | 26152 ||| ENCHANTING +2 war axe of flaming.
 26159 | D:15     | 26159 ||| Stepping ~*~*~tactically~*~*~ (stealth).
 26161 | D:15     | 26161 ||| Stepping ~*~*~tactically~*~*~ (hiding).
 26181 | D:15     | 26181 ||| INVOKING Berserk.
 26411 | D:15     | 26411 ||| PLANNING ORC
 26411 | D:15     | 26411 ||| READING scroll labelled VEPIRA RIJEITS.
 26734 | Orc:1    | Entered Level 1 of the Orcish Mines
 26737 | Orc:1    | 26737 ||| Stepping ~*~*~tactically~*~*~ (stealth).
 26739 | Orc:1    | 26739 ||| Stepping ~*~*~tactically~*~*~ (stealth).
 26741 | Orc:1    | 26741 ||| Stepping ~*~*~tactically~*~*~ (stealth).
 26742 | Orc:1    | 26742 ||| Stepping ~*~*~tactically~*~*~ (stealth).
 26752 | Orc:1    | 26752 ||| Stepping ~*~*~tactically~*~*~ (stealth).
 26758 | Orc:1    | 26758 ||| INVOKING Berserk.
 27015 | Orc:1    | 27015 ||| Stepping ~*~*~tactically~*~*~ (hiding).
 27138 | Orc:1    | 27138 ||| Stepping ~*~*~tactically~*~*~ (stealth).
 27139 | Orc:1    | 27139 ||| Stepping ~*~*~tactically~*~*~ (stealth).
 27313 | Orc:2    | Entered Level 2 of the Orcish Mines
 27345 | Orc:2    | 27345 ||| Stepping ~*~*~tactically~*~*~ (stealth).
 27397 | Orc:2    | 27397 ||| Stepping ~*~*~tactically~*~*~ (stealth).
 27484 | Orc:2    | 27484 ||| Stepping ~*~*~tactically~*~*~ (stealth).
 27488 | Orc:2    | 27488 ||| FLEEEEING.
 27489 | Orc:2    | 27489 ||| FLEEEEING.
 27490 | Orc:2    | 27490 ||| FLEEEEING.
 27491 | Orc:2    | 27491 ||| FLEEEEING.
 27492 | Orc:2    | 27492 ||| FLEEEEING.
 27493 | Orc:2    | 27493 ||| FLEEEEING.
 27494 | Orc:2    | 27494 ||| FLEEEEING.
 27495 | Orc:2    | 27495 ||| FLEEEEING.
 27496 | Orc:2    | 27496 ||| FLEEEEING.
 27497 | Orc:2    | 27497 ||| FLEEEEING.
 27498 | Orc:2    | 27498 ||| FLEEEEING.
 27499 | Orc:2    | 27499 ||| FLEEEEING.
 27500 | Orc:2    | 27500 ||| FLEEEEING.
 27501 | Orc:2    | 27501 ||| STAIRDANCE
 27506 | Orc:1    | 27506 ||| INVOKING Berserk.
 27618 | Orc:2    | 27618 ||| STAIRDANCE
 27625 | Orc:2    | 27625 ||| STAIRDANCE
 27630 | Orc:2    | 27630 ||| STAIRDANCE
 27639 | Orc:2    | 27639 ||| STAIRDANCE
 27740 | Orc:2    | 27740 ||| Stepping ~*~*~tactically~*~*~ (stealth).
 27742 | Orc:2    | 27742 ||| Stepping ~*~*~tactically~*~*~ (stealth).
 27751 | Orc:2    | 27751 ||| Stepping ~*~*~tactically~*~*~ (hiding).
 27780 | Orc:2    | 27780 ||| INVOKING Berserk.
 27789 | Orc:2    | 27789 ||| INVOKING Brothers in Arms.
 27972 | Orc:2    | 27972 ||| INVOKING Trog's Hand.
 27973 | Orc:2    | 27973 ||| INVOKING Berserk.
 28109 | Orc:2    | 28109 ||| Stepping ~*~*~tactically~*~*~ (stealth).
 28110 | Orc:2    | 28110 ||| Stepping ~*~*~tactically~*~*~ (stealth).
 28119 | Orc:2    | 28119 ||| READING scroll of enchant weapon.
 28119 | Orc:2    | 28119 ||| ENCHANTING +3 war axe of flaming.
 28227 | Orc:2    | Found Gusket's Book Emporium.
 28274 | Orc:2    | 28274 ||| INVOKING Trog's Hand.
 28275 | Orc:2    | 28275 ||| INVOKING Brothers in Arms.
 28276 | Orc:2    | 28276 ||| INVOKING Berserk.
 28454 | Orc:2    | Found Xuutynn's Antique Armour Shoppe.
 28560 | Orc:2    | 28560 ||| Stepping ~*~*~tactically~*~*~ (hiding).
 28563 | Orc:2    | 28563 ||| Stepping ~*~*~tactically~*~*~ (hiding).
 28564 | Orc:2    | 28564 ||| Stepping ~*~*~tactically~*~*~ (hiding).
 28565 | Orc:2    | 28565 ||| Stepping ~*~*~tactically~*~*~ (hiding).
 28566 | Orc:2    | 28566 ||| Stepping ~*~*~tactically~*~*~ (hiding).
 28689 | Orc:2    | Found a staircase to the Elven Halls.
 28782 | Orc:2    | 28782 ||| INVOKING Trog's Hand.
 28789 | Orc:2    | 28789 ||| INVOKING Brothers in Arms.
 28794 | Orc:2    | 28794 ||| INVOKING Berserk.
 29081 | Orc:2    | 29081 ||| Stepping ~*~*~tactically~*~*~ (hiding).
 29082 | Orc:2    | 29082 ||| Stepping ~*~*~tactically~*~*~ (hiding).
 29096 | Orc:2    | 29096 ||| Stepping ~*~*~tactically~*~*~ (stealth).
 29107 | Orc:2    | 29107 ||| INVOKING Berserk.
 29187 | Orc:2    | 29187 ||| Stepping ~*~*~tactically~*~*~ (stealth).
 29188 | Orc:2    | 29188 ||| Stepping ~*~*~tactically~*~*~ (stealth).
 29190 | Orc:2    | 29190 ||| Stepping ~*~*~tactically~*~*~ (hiding).
 29205 | Orc:2    | 29205 ||| Stepping ~*~*~tactically~*~*~ (stealth).
 29215 | Orc:2    | 29215 ||| INVOKING Berserk.
 29217 | Orc:2    | Noticed an orc warlord
 29231 | Orc:2    | Killed an orc warlord
 29245 | Orc:2    | 29245 ||| INVOKING Brothers in Arms.
 29246 | Orc:2    | 29246 ||| INVOKING Brothers in Arms.
 29542 | Orc:2    | Found Geunux's Distillery.
 29547 | Orc:2    | 29547 ||| INVOKING Berserk.
 29639 | Orc:2    | 29639 ||| BUYING 2 potions of curing (90 gold).
 29639 | Orc:2    | Bought 2 potions of curing for 90 gold pieces
 29639 | Orc:2    | 29639 ||| BUYING potion of curing (45 gold).
 29639 | Orc:2    | Bought a potion of curing for 45 gold pieces
 29639 | Orc:2    | 29639 ||| BUYING potion of curing (45 gold).
 29639 | Orc:2    | Bought a potion of curing for 45 gold pieces
 29639 | Orc:2    | 29639 ||| BUYING potion of haste (150 gold).
 29639 | Orc:2    | Bought a potion of haste for 150 gold pieces
 29639 | Orc:2    | 29639 ||| BUYING potion of might (60 gold).
 29639 | Orc:2    | Bought a potion of might for 60 gold pieces
 29659 | Orc:2    | Found Lyottoek's Distillery.
 29664 | Orc:2    | 29664 ||| INVOKING Berserk.
 29736 | Orc:2    | 29736 ||| BUYING potion of cancellation (96 gold).
 29736 | Orc:2    | Bought a potion of cancellation for 96 gold pieces
 29736 | Orc:2    | 29736 ||| BUYING potion of heal wounds (60 gold).
 29736 | Orc:2    | Bought a potion of heal wounds for 60 gold pieces
 29736 | Orc:2    | 29736 ||| BUYING potion of heal wounds (60 gold).
 29736 | Orc:2    | Bought a potion of heal wounds for 60 gold pieces
 29736 | Orc:2    | 29736 ||| BUYING potion of might (48 gold).
 29736 | Orc:2    | Bought a potion of might for 48 gold pieces
 29736 | Orc:2    | 29736 ||| BUYING potion of resistance (120 gold).
 29736 | Orc:2    | Bought a potion of resistance for 120 gold pieces
 29865 | Orc:2    | 29865 ||| DROPPING +0 chain mail of poison resistance.
 29874 | Orc:2    | 29874 ||| UPGRADING to +1 plate armour of willpower.
 29884 | Orc:2    | 29884 ||| DROPPING +0 plate armour.
 29885 | Orc:2    | 29885 ||| UPGRADING to +1 plate armour of cold resistance.
 29974 | Orc:1    | 29974 ||| PLANNING SPIDER:1-3
 30234 | Spider:1 | Entered Level 1 of the Spider Nest
 30237 | Spider:1 | 30237 ||| INVOKING Brothers in Arms.
 30238 | Spider:1 | 30238 ||| INVOKING Brothers in Arms.
 30239 | Spider:1 | 30239 ||| INVOKING Berserk.
 30285 | Spider:1 | 30285 ||| INVOKING Brothers in Arms.
 30292 | Spider:1 | HP: 36/144 [something (3)]
 30293 | Spider:1 | 30293 ||| READING 3 scrolls of teleportation.
 30293 | Spider:1 | HP: 16/144 [something (9)]
 30294 | Spider:1 | 30294 ||| DRINKING 7 potions of heal wounds.
 30295 | Spider:1 | 30295 ||| READING 2 scrolls of teleportation.
 30296 | Spider:1 | 30296 ||| DRINKING 6 potions of heal wounds.
 30296 | Spider:1 | Noticed an emperor scorpion
 30298 | Spider:1 | HP: 30/144 [emperor scorpion (7)]
 30299 | Spider:1 | 30299 ||| READING scroll of teleportation.
 30300 | Spider:1 | 30300 ||| DRINKING 5 potions of heal wounds.
 30302 | Spider:1 | 30302 ||| DRINKING 4 potions of heal wounds.
 30312 | Spider:1 | HP: 33/144 [redback (11)]
 30313 | Spider:1 | 30313 ||| DRINKING 3 potions of heal wounds.
 30313 | Spider:1 | HP: 13/144 [redback (6)]
 30314 | Spider:1 | 30314 ||| DRINKING 2 potions of heal wounds.
 30314 | Spider:1 | HP: 4/144 [wolf spider (5)]
 30315 | Spider:1 | 30315 ||| DRINKING potion of heal wounds.
 30315 | Spider:1 | Slain by a culicivora

Levels and vault maps discovered:
D:1:      dpeg_arrival_rhombus, layout_rooms, basic_ecumenical_altar,
          chequers_serial_rivers_small_b
D:2:      layout_rooms
D:3:      layout_basic, small_statue_intersection, uniq_ijyb
D:4:      layout_layer_cave, zin_purify, nzn_wu_jian_contemplation,
          tso_oasis_becter, serial_shops, shop
D:5:      layout_basic, minivault_19, kennysheep_crisscross,
          mrwooster_statue_mirror, minmay_misc_feat_ornament
D:6:      layout_basic, nicolae_hepliaklqana_monster_ancestors,
          hangedman_decor_slide_cut, minmay_misc_feat_room,
          minmay_misc_feat_rugged
D:7:      layout_basic, gammafunk_temple_overflow_elements,
          minmay_temple_entry_offerings, enter_ossuary_5, hex_medium,
          columned_hall_lemuel, the_hattery
D:8:      layout_basic, serial_shops, kennysheep_mini_moat,
          nicolae_shop_behind_doors
D:9:      layout_stronghold, led_sif_pool, eino_small_chamber_without_monster,
          grunt_ministairs_9, nicolae_shop_fire_sale [nicolae_sub_dead_trees]
D:10:     layout_roguey, erik_lair_dragon, serial_shops,
          nicolae_take_the_stairs, uniq_josephine
D:11:     layout_small_grid, orc_0_dummy
D:12:     layout_small_grid, serial_shops, shop, hive_lemuel, uniq_rupert
D:13:     layout_basic, david_vaults_2
D:14:     layout_small_grid, serial_rivers, chequers_serial_rivers_large_b,
          chequers_serial_rivers_small_a, chequers_serial_rivers_large_a,
          chequers_serial_rivers_marsh, chequers_serial_rivers_small_3,
          chequers_serial_rivers_small_a
D:15:     hangedman_depths_entry_civil_slaughter, layout_cave_pods,
          nrook_pool_corridor
Lair:1:   layout_loops_ring, gauntlet_entry_generic, basic_altar,
          nicolae_quartered_pool_super, lemuel_fruit_tree,
          infiniplex_staircase_pool, uniq_amaemon
Lair:2:   layout_layer_cave, minmay_shoals_entry_lonely_mermaid, serial_rivers,
          chequers_serial_rivers_small_b, chequers_serial_rivers_small_3,
          chequers_serial_rivers_small_a, chequers_serial_rivers_room_b,
          chequers_serial_rivers_room_a, chequers_serial_rivers_micro_d
Lair:3:   cheibrodos_magma_flow, layout_chaotic_city,
          hellmonk_spider_entry_not_the_bees, basic_altar, serial_bayou_shore_b
Lair:4:   layout_cave_shapes, serial_bayou_shore_b, uniq_kirke
Lair:5:   hellmonk_lair_end_abyssal_woods, layout_regular_city, slime_entry_1,
          basic_altar
Spider:1: layout_spider_delve, nicolae_spider_bug_shape
Orc:1:    layout_diamond_mine
Orc:2:    pubby_orc_utopia

Skill      XL: |  1  2  3  4  5  6  7  8  9 10 11 12 13 14 15 |
---------------+----------------------------------------------+-----
Axes           | 4 5 6 7 8 16 | 16.8
Fighting       | 4 5 6 8 9 11 12 14 16 | 16.1
Armour         | 3 4 5 7 9 11 13 14 | 14.1
Shields        | 3 5 6 8 14 17 18 | 18.9
Dodging        | 3 4 5 7 8 |  8.0
Throwing       | 1 2 5 6 7 |  7.0

Action                   |  1- 3 |  4- 6 |  7- 9 | 10-12 | 13-15 || total
-------------------------+-------+-------+-------+-------+-------++-------
Melee: Hand axe          |    82 |    91 |   234 |   544 |       ||   951
       Headbutt          |     7 |    13 |    47 |   119 |   255 ||   441
       Kick              |       |    10 |    62 |    60 |       ||   132
       Punch             |       |     2 |       |       |       ||     2
       War axe           |       |       |       |    36 |  1028 ||  1064
       Demon whip        |       |       |       |     8 |       ||     8
Throw: Boomerang         |       |       |     5 |    66 |    22 ||    93
       Javelin           |       |       |       |       |    72 ||    72
Invok: Berserk           |     1 |     5 |     7 |    20 |    35 ||    68
       Brothers in Arms  |       |       |       |     1 |     8 ||     9
       Trog's Hand       |       |       |       |       |    10 ||    10
  Use: Scroll            |     2 |     5 |     9 |     6 |     8 ||    30
       Potion            |       |     4 |     4 |     3 |     9 ||    20
 Stab: Distracted        |       |       |       |       |     1 ||     1
Armor: Animal skin       |     6 |       |       |       |       ||     6
       Scale mail        |     5 |       |       |       |       ||     5
       Ring mail         |     6 |    16 |       |       |       ||    22
       Chain mail        |       |     8 |    72 |   137 |     6 ||   223
       Plate armour      |       |       |       |       |   340 ||   340
Dodge: Dodged            |    41 |    22 |    40 |    93 |   182 ||   378
Block: Buckler           |       |       |    39 |   104 |       ||   143
       Tower shield      |       |       |       |   256 |  1076 ||  1332
       Reflection        |       |       |       |     3 |    37 ||    40

Table legend:
 A = Non-vault XP
 B = Vault XP
 C = Vault XP percentage of total XP
 D = Non-vault monster count
 E = Vault monster count
 F = Vault count percentage of total count
                 A         B        C        D         E       F
            +---------+---------+-------+---------+---------+-------
      Total |  101406 |   44478 |  30.5 |     490 |     249 |  33.7
            +---------+---------+-------+---------+---------+-------
        D:1 |      31 |       0 |   0.0 |      21 |       0 |   0.0
        D:2 |      24 |       0 |   0.0 |       7 |       0 |   0.0
        D:3 |     223 |      35 |  13.6 |      23 |       1 |   4.2
        D:4 |      93 |       0 |   0.0 |      12 |       0 |   0.0
        D:5 |     602 |       0 |   0.0 |      20 |       0 |   0.0
        D:6 |     413 |       3 |   0.7 |      10 |       2 |  16.7
        D:7 |    1437 |     220 |  13.3 |      18 |       1 |   5.3
        D:8 |     688 |       0 |   0.0 |      12 |       0 |   0.0
        D:9 |    1415 |    1011 |  41.7 |      25 |       4 |  13.8
       D:10 |    3210 |    2843 |  47.0 |      31 |      10 |  24.4
       D:11 |     956 |       0 |   0.0 |       9 |       0 |   0.0
       D:12 |    2972 |    2003 |  40.3 |      14 |       1 |   6.7
       D:13 |    5621 |    1615 |  22.3 |      18 |       3 |  14.3
       D:14 |    6896 |       0 |   0.0 |      20 |       0 |   0.0
       D:15 |   12125 |    4408 |  26.7 |      29 |       6 |  17.1
     Lair:1 |    7050 |    1179 |  14.3 |      38 |       2 |   5.0
     Lair:2 |    6805 |     451 |   6.2 |      21 |       1 |   4.5
     Lair:3 |    5723 |    1640 |  22.3 |      25 |      12 |  32.4
     Lair:4 |    5316 |    1820 |  25.5 |      19 |       7 |  26.9
     Lair:5 |   13285 |   10488 |  44.1 |      42 |      36 |  46.2
   Spider:1 |   11600 |       0 |   0.0 |      34 |       0 |   0.0
      Orc:1 |    2263 |      30 |   1.3 |      19 |      10 |  34.5
      Orc:2 |       0 |   16574 | 100.0 |       0 |     127 | 100.0
    Abyss:2 |   12658 |       0 |   0.0 |      23 |       0 |   0.0
    Ossuary |       0 |     158 | 100.0 |       0 |      26 | 100.0
            +---------+---------+-------+---------+---------+-------
